Construct Infanterie Kompanie
Selects Luftwaffe Battlegroup
Selects Luftwaffe Pioneer Support
Fallschirmpioneer Squad Paradrop
Selects Stuka Strafing Run
Construct Luftwaffe Kompanie
Luftwaffe Officer Quarters
Construct Panzergrenadier Kompanie
Fallschirmpioneer Squad Paradrop
Nebelwerfer 42 Rocket Launcher Team
Selects Fallschirmjäger Squad Paradrop
Fallschirmpioneer Squad Paradrop
Selects LG40 Recoilless Gun Paradrop
Fallschirmjäger Squad Paradrop